 Dungeon Crawl Stone Soup version 0.30-a0-989-g0d87f670db (webtiles) character file.

Game seed: 2543968549512480186

88330 112233 the Necromancer (level 15, -2/120 HPs)
             Began as a Demonspawn Necromancer on Apr 4, 2023.
             Was an Initiate of Gozag.
             Slain by a +0 heavy broad axe (37 damage)
             ... on level 2 of the Orcish Mines.
             The game lasted 01:14:33 (44193 turns).

112233 the Necromancer (Demonspawn Necromancer)    Turns: 44193, Time: 01:14:33

Health: -2/120     AC: 21    Str:  8    XL:     15   Next: 46%
Magic:  15/36      EV: 21    Int: 31    God:    Gozag
Gold:   609        SH:  6    Dex: 13    Spells: 17/41 levels left

rFire   + . .      SeeInvis +    x - +4 spear of Laakhlef {vamp, rElec rF+ Int+6}
rCold   + + .      Faith    .    Q - +1 buckler {AC+3}
rNeg    . . .      Spirit   .    Z - +5 ring mail "Anocri Midi" {rC+ Will+++}
rPois   .          Reflect  .    (helmet unavailable)
rElec   +          Rampage  .    H - +1 cloak {Stlth+}
rCorr   .                        b - +3 pair of gauntlets of War {Slay+5}
Will    ++++.                    E - +1 pair of boots
Stlth   +++                      u - amulet of regeneration
HPRegen 1.20/turn                G - ring of protection from cold
MPRegen 0.25/turn                s - +4 ring of slaying

@: mighty, brilliant, agile, about to teleport, gold aura, very slightly
contaminated, hasted, very quick
A: antennae 3, powered by pain 1, sturdy frame 3, demonic magic 2, high MP 1
a: Renounce Religion, Potion Petition, Call Merchant, Bribe Branch


You were on level 2 of the Orcish Mines.
You worshipped Gozag.
Gozag was pleased with you.
You visited 6 branches of the dungeon, and saw 26 of its levels.
You visited the Abyss 2 times.
You also visited: Gauntlet and Ice Cave.

You collected 8735 gold pieces.
You spent 2818 gold pieces at shops.
You paid 5308 gold pieces to Gozag.

Inventory:

Hand Weapons
 a - a +1 dagger of electrocution
 x - the +4 spear of Laakhlef (weapon) {vamp, rElec rF+ Int+6}
   (You found it on level 1 of the Lair of Beasts)

   Int:       It affects your intelligence (+6).
   rF:        It protects you from fire.
   rElec:     It insulates you from electricity.
 R - a +4 heavy demon trident
Missiles
 C - 3 throwing nets
Armour
 b - the +3 pair of gauntlets of War (worn) {Slay+5}
   (You bought it in a shop on level 8 of the Dungeon)

   Slay:      It affects your accuracy & damage with ranged weapons and melee
   (+5).
 w - the +0 leather armour of the Eleven Stars {Int+3}
   (You bought it in a shop on level 8 of the Dungeon)

   Int:       It affects your intelligence (+3).
 E - a +1 pair of boots (worn)
 H - a +1 cloak of stealth (worn)
 I - the +2 pair of boots "Berel" {+Inv rPois Dex+5 Slay-4}
   (You found it in a Gauntlet)

   Dex:       It affects your dexterity (+5).
   Slay:      It affects your accuracy & damage with ranged weapons and melee
   (-4).
   rPois:     It protects you from poison.
   +Inv:      It lets you turn invisible.
 Q - a +1 buckler of protection (worn)
 Y - a +2 robe of willpower
 Z - the +5 ring mail "Anocri Midi" (worn) {rC+ Will+++}
   (You found it on level 2 of the Lair of Beasts)

   rC:        It protects you from cold.
   Will:      It greatly increases your willpower.
Magical Staves
 K - the staff of air "Uvaod" {+Blink rElec}
   (You found it in a Gauntlet)

   [staff of air]

   Base accuracy: +5 Base damage: 5 Base attack delay: 1.2 This weapon's minimum
   attack delay (0.6) is reached at skill level 12.
   rElec:     It insulates you from electricity.
   +Blink:    It lets you blink.
   It falls into the 'Staves' category.
   It is a one-handed weapon.
Jewellery
 c - an amulet of guardian spirit
 s - a +4 ring of slaying (right hand)
 u - an amulet of regeneration (around neck)
 F - a ring of protection from cold
 G - a ring of protection from cold (left hand)
 V - an amulet of reflection
Wands
 g - a wand of charming (12) (quivered)
 i - a wand of polymorph (9)
 P - a wand of digging (5)
Scrolls
 d - 4 scrolls of torment
 e - 3 scrolls of magic mapping
 f - 2 scrolls of teleportation
 h - a scroll of silence
 j - 3 scrolls of enchant armour
 k - a scroll of fog
 l - 15 scrolls of identify
 o - 8 scrolls of fear
 q - 2 scrolls of vulnerability
 y - 4 scrolls of poison
 A - 3 scrolls of amnesia
 D - 2 scrolls of butterflies
 J - 2 scrolls of immolation
 L - a scroll of noise
 O - 3 scrolls of blinking
Potions
 m - 5 potions of cancellation
 n - a potion of berserk rage
 r - 3 potions of ambrosia
 t - 5 potions of flight
 z - a potion of heal wounds
 B - 3 potions of mutation
 S - 6 potions of curing
 U - 3 potions of might
 W - a potion of invisibility
 X - 2 potions of resistance
Miscellaneous
 p - a condenser vane (inert)
 v - a phantom mirror (inert)
 M - a lightning rod (inert)
 N - a piece from Xom's chessboard (15/15)


   Skills:
 + Level 11.7 Fighting
 + Level 1.6 Armour
 + Level 11.0 Dodging
 - Level 1.7 Stealth
 + Level 6.4 Shields
 + Level 13.9 Spellcasting
 - Level 3.9 Conjurations
 - Level 15.2 Necromancy
 - Level 1.5 Transmutations
 - Level 1.5 Earth Magic
 + Level 5.7 Evocations


You had 17 spell levels left.
You knew the following spells:

 Your Spells              Type           Power      Damage    Failure   Level
a - Necrotise             Necr           100%       1d9       0%          1
b - Vampiric Draining     Necr           100%       2d13      0%          3
c - Sticky Flame          Conj/Fire      50%        2d7       12%         4
d - Agony                 Necr           100%       N/A       1%          5
e - Wereblood             Tmut           46%        N/A       2%          2
f - Apportation           Tloc           64%        N/A       2%          1
g - Sublimation of Blood  Necr           100%       N/A       0%          2
h - Statue Form           Tmut/Erth      30%        N/A       92%         6

Your spell library contained the following spells:

 Spells                   Type           Power      Damage    Failure   Level
 Summon Small Mammal      Summ           100%       N/A       2%          1
 Dazzling Flash           Conj/Hex       100%       N/A       3%          3
 Lesser Beckoning         Tloc           64%        N/A       4%          2
 Ignite Poison            Fire/Tmut/Pois 37%        N/A       7%          3
 Gell's Gravitas          Tloc           32%        N/A       9%          3
 Teleport Other           Tloc           32%        N/A       9%          3
 Tukima's Dance           Hex            32%        N/A       9%          3
 Iskenderun's Mystic Bla  Conj/Tloc      50%        2d11      12%         4
 Petrify                  Tmut/Erth      46%        N/A       14%         4
 Iskenderun's Battlesphe  Conj           62%        2d11      16%         5
 Cause Fear               Hex            16%        N/A       28%         4
 Passage of Golubria      Tloc           32%        N/A       28%         4
 Freezing Cloud           Conj/Ice/Air   22%        6-21      41%         5
 Yara's Violent Unravell  Hex/Tmut       19%        3d9       50%         5
 Metabolic Englaciation   Hex/Ice        16%        N/A       61%         5
 Iron Shot                Conj/Erth      27%        9d6       80%         6
 Starburst                Conj/Fire      25%        6d8       88%         6
 Dragon Form              Tmut           23%        N/A       100%        7
 Spellforged Servitor     Conj/Summ      25%        N/A       100%        7
 Summon Hydra             Summ           16%        N/A       100%        7
 Ignition                 Fire           16%        3d6       100%        8
 Dragon's Call            Summ           16%        N/A       100%        9
 Polar Vortex             Ice            16%        N/A       100%        9
 Animate Dead             Necr           Unusable   N/A       N/A         4
 Simulacrum               Ice/Necr       Unusable   N/A       N/A         6

Dungeon Overview and Level Annotations

Branches:
Dungeon (15/15)            Temple (1/1) D:4            Lair (5/5) D:8
  Swamp (0/4) Lair:2       Spider (2/4) Lair:2        Slime (0/5) Lair:5
    Orc (2/2) D:9             Elf (1/3) Orc:2        Vaults (0/5) D:14
 Depths (0/4) D:15          IceCv (visited)         Gauntlet (visited)

Altars:
Ashenzari
Cheibriados
Fedhas
Gozag
Hepliaklqana
Kikubaaqudgha
Makhleb
Nemelex Xobeh
Okawaru
Qazlal
Ru
Sif Muna
Uskayaw
Vehumet
Wu Jian
Xom
Yredelemnul
Lugonu

Shops:
D:1 ?   D:8 [   D:11 !   D:13 *   D:14 (   Orc:2 ([(?(

Portals:
Abyss: Lair:5

Annotations:
D:2 exclusion: 2 downstairs
D:4 exclusion: upstairs
D:7 exclusion: upstairs
D:8 exclusion: downstairs
D:13 exclusion: downstairs
Lair:2 exclusion: oklob plant


Innate Abilities, Weirdness & Mutations

You have a pair of large antennae on your head. (SInv)
You sometimes gain a little power by taking damage.
Your movements are significantly less encumbered by armour. (ER -6)
Spells you cast may paralyse nearby enemies.
You have an increased reservoir of magic. (+10% MP)


Message History

* * * LOW HITPOINT WARNING * * *
You focus on the pain.
You feel agile all of a sudden.
Unknown command.
You miss the +0 heavy broad axe.
The +0 heavy broad axe is moderately damaged.
The +0 heavy broad axe burns!
The +0 heavy broad axe hits you!!
* * * LOW HITPOINT WARNING * * *
Unknown command. [a] - 506 gold - might, brilliance, haste and heal wounds [b] - 210 gold - resistance [c] - 440 gold - haste, brilliance, heal wounds and curing Purchase which effect?
You feel yourself speed up.
You feel clever all of a sudden.
You feel much better.
You feel better.
The +0 heavy broad axe is engulfed in freezing vapours.
The +0 heavy broad axe hits you!
* * * LOW HITPOINT WARNING * * *
Unknown command.
Aiming: Thunderbolt
Press: ? - help, Shift-Dir - straight line, f/p - +0 heavy broad axe
Aim: a +0 heavy broad axe (freezing vapour, moderately damaged, covered in liquid flames)
The thunderbolt hits the +0 heavy broad axe.
The +0 heavy broad axe completely resists.
The +0 heavy broad axe is moderately damaged.
The lightning rod overheats!
Unknown command.
Unknown command.
You feel much better.
The +0 heavy broad axe burns!
The +0 heavy broad axe hits you!
* * * LOW HITPOINT WARNING * * *
You focus on the pain.
You feel more agile all of a sudden.
Unknown command.
As you read the scroll of teleportation, it crumbles to dust.
You feel strangely unstable.
The +0 heavy broad axe burns!
The +0 heavy broad axe hits you!!!
You die...
Your body crumbles into a pile of gold.

### ### # ##.### ##.##
######....## ##...# ......#....##
##...#### ####......#.##
###....#..##
.._#.........###§.........#####
...#........#.#(§..........##.##
####..........§§@..........#...#
..............##.....#.....#...#
.#....[.......##.....#.........#
....[[.........................##
.[)...##............##.#........#
.)..#####........######..........
.)...####...........##..........#
.[.....#.....#'##....##........##
[<)..........#)[#...............#


You could see a +0 heavy broad axe (burning).

Vanquished Creatures
  A minotaur (Gauntlet)
  2 hydras (Lair:5)
  5 vault guards (D:14)
  Harold (Lair:1)
  An ogre mage (D:14)
  3 boulder beetles
  3 two-headed ogres
  4 death yaks (Lair:1)
  5 thrashing horrors
  A tengu warrior (D:14)
  Nergalle (Lair:3)
  2 orc high priests
  A deep elf knight (Orc:2)
  A skyshark (Lair:4)
  A glowing orange brain (Orc:2)
  An orc knight (D:15)
  A tengu zombie (D:15)
  2 large abominations (Lair:5)
  2 wizards
  A deep elf archer (D:14)
  A deep elf zephyrmancer (Orc:2)
  A mana viper (D:14)
  5 deep elf pyromancers
  A cyclops (D:14)
  A manticore (D:12)
  3 orc sorcerers (Orc:2)
  18 ugly things
  10 elephants
  A black mamba (shapeshifter) (Lair:5)
  5 black mambas
  A demonic crawler (Spider:1)
  2 smoke demons
  A kobold demonologist (D:14)
  3 unseen horrors
  10 cane toads
  3 gargoyles
  2 rime drakes
  10 komodo dragons
  A tengu conjurer (D:14)
  An efreet (D:12)
  4 ancient zymes
  3 polar bears
  A wolf spider simulacrum (D:15)
  A hornet (D:10)
  3 trolls
  A tarantella (shapeshifter) (Lair:5)
  Grinder (D:3)
  15 blink frogs
  A raiju (Abyss:2)
  7 dream sheep (Lair:4)
  2 jumping spiders (Spider:1)
  15 slime creatures
  2 ynoxinuls (Lair:5)
  Sigmund (D:4)
  3 vampires
  A wraith (D:10)
  A spriggan (Lair:5)
  2 centaur simulacra
  A shadow (D:12)
  A basilisk (shapeshifter) (D:14)
  A chaos spawn (Lair:5)
  8 basilisks
  A redback (Spider:1)
  23 yaks
  A steam dragon (D:9)
  7 wargs
  Edmund (D:4)
  2 acid dragons
  27 orc warriors
  15 water moccasins
  A meliai simulacrum (Gauntlet)
  A sky beast (D:8)
  2 ice beasts
  6 ogres
  5 black bears
  7 centaurs
  8 boggarts (D:15)
  4 wolves
  15 small abominations
  A kobold brigand (D:9)
  6 bullfrogs
  A scorpion (D:7)
  21 wights
  8 killer bees
  3 electric eels (Lair:4)
  7 howler monkeys
  A wyvern simulacrum (Gauntlet)
  A hound (D:4)
  3 jellies
  18 orc priests
  3 gnoll boudas
  An iguana (D:5)
  15 orc wizards
  19 gnolls
  6 adders
  A shadow imp (D:6)
  An ufetubus (D:4)
  A steam dragon simulacrum (IceCv)
  4 worms
  2 dart slugs
  74 orcs
  4 ball pythons
  7 endoplasms
  3 giant cockroaches (D:4)
  6 goblins
  13 hobgoblins
  8 jackals
  6 kobolds
  A quokka (D:2)
  3 bats
  A frilled lizard (D:1)
  6 rats
  A spectral orc (D:7)
576 creatures vanquished.

Vanquished Creatures (collateral kills)
  A goblin (D:1)
  A jackal (D:2)
2 creatures vanquished.

Vanquished Creatures (others)
  An elephant (Lair:1)
  A smoke demon (Lair:5)
  A gargoyle (D:14)
  An orc wizard (Orc:2)
  3 demonic plants (Gauntlet)
  17 fungi
  25 plants
  14 withered plants (D:15)
63 creatures vanquished.

Grand Total: 641 creatures vanquished

Notes
Turn   | Place    | Note
-------+----------+-------------------------------------------
     0 | D:1      | 112233 the Demonspawn Necromancer began the quest for the
                  | Orb.
     0 | D:1      | Reached XP level 1. HP: 13/13 MP: 3/3
   259 | D:1      | Gained mutation: Your movements are slightly less
                  | encumbered by armour. (ER -2) [demonic ancestry]
   259 | D:1      | Reached XP level 2. HP: 18/19 MP: 0/5
   777 | D:1      | Found Ymeg's Magic Scroll Shop.
  1177 | D:2      | Reached skill level 5 in Necromancy
  1261 | D:2      | Reached XP level 3. HP: 24/24 MP: 5/7
  2079 | D:3      | Noticed Grinder
  2159 | D:3      | Reached XP level 4. HP: 30/30 MP: 3/8
  2172 | D:3      | Learned a level 3 spell: Vampiric Draining
  2174 | D:3      | Learned a level 1 spell: Apportation
  2614 | D:4      | Reached XP level 5. HP: 35/35 MP: 6/10
  2627 | D:4      | Noticed a black bear
  2643 | D:4      | Killed a black bear
  2644 | D:4      | Reached skill level 6 in Necromancy
  2903 | D:4      | Noticed a black bear
  2916 | D:4      | Killed a black bear
  2917 | D:4      | Gained mutation: You sometimes gain a little power by
                  | taking damage. [demonic ancestry]
  2917 | D:4      | Reached XP level 6. HP: 41/41 MP: 0/12
  3051 | D:4      | Reached skill level 7 in Necromancy
  3214 | D:4      | Reached skill level 5 in Spellcasting
  3336 | D:4      | Found a staircase to the Ecumenical Temple.
  3348 | Temple   | Entered the Ecumenical Temple
  3431 | Temple   | Became a worshipper of Gozag Ym Sagoz the Greedy
  3755 | D:4      | Noticed Edmund
  3761 | D:4      | Killed Edmund
  3762 | D:4      | Gained mutation: You have a pair of small antennae on your
                  | head. [demonic ancestry]
  3762 | D:4      | Reached XP level 7. HP: 42/46 MP: 11/15
  3803 | D:4      | Noticed Sigmund
  3812 | D:4      | Killed Sigmund
  3978 | D:5      | Entered Level 5 of the Dungeon
  4095 | D:5      | Reached skill level 8 in Necromancy
  4659 | D:5      | Gained mutation: You have a pair of antennae on your head.
                  | [demonic ancestry]
  4659 | D:5      | Reached XP level 8. HP: 50/52 MP: 3/17
  5525 | D:6      | Reached skill level 9 in Necromancy
  5634 | D:6      | Found an iron altar of Okawaru.
  5666 | Abyss:1  | Cast into level 1 of the Abyss (wight)
  5706 | Abyss:1  | Noticed a blink frog
  5706 | Abyss:1  | Noticed a blink frog
  5731 | Abyss:1  | Found a corrupted altar of Lugonu.
  5768 | Abyss:1  | Noticed a wretched star
  5780 | Abyss:1  | Noticed a rakshasa
  5783 | D:6      | Escaped the Abyss
  6164 | D:8      | Identified a scroll of acquirement
  6171 | D:8      | Acquired 981 gold pieces
  6179 | D:8      | Learned a level 5 spell: Agony
  6669 | D:8      | Gained mutation: You have an increased reservoir of magic.
                  | (+10% MP) [potion of mutation]
  6730 | D:8      | Reached skill level 10 in Necromancy
  6779 | D:8      | Reached XP level 9. HP: 56/57 MP: 4/22
  6900 | D:8      | Noticed an elephant
  6920 | D:8      | Killed an elephant
  7043 | D:8      | Found a staircase to the Lair.
  7547 | D:8      | Reached skill level 11 in Necromancy
  7921 | D:8      | Learned a level 2 spell: Wereblood
  8133 | D:7      | Reached skill level 1 in Fighting
  8561 | D:7      | Found a shimmering altar of Xom.
  9030 | D:7      | Found a basalt altar of Yredelemnul.
  9371 | D:6      | Gained mutation: Your movements are less encumbered by
                  | armour. (ER -4) [demonic ancestry]
  9371 | D:6      | Reached XP level 10. HP: 64/67 MP: 22/25
  9991 | Lair:1   | Entered Level 1 of the Lair of Beasts
 10000 | Lair:1   | Noticed a cane toad
 10255 | D:10     | Entered Level 10 of the Dungeon
 10255 | D:10     | Noticed a +0 hand axe
 10255 | D:10     | Found a hide-covered altar of Uskayaw.
 10256 | D:10     | Noticed a +0 hand axe
 10469 | D:9      | Found a staircase to the Orcish Mines.
 10995 | D:9      | Reached skill level 12 in Necromancy
 11285 | Orc:1    | Entered Level 1 of the Orcish Mines
 11626 | Orc:1    | Found a frozen archway.
 11652 | IceCv    | Entered an ice cave
 11995 | Orc:1    | Found a shimmering altar of Xom.
 12085 | Orc:2    | Entered Level 2 of the Orcish Mines
 12118 | Orc:2    | Noticed an orc high priest
 12576 | Orc:2    | Noticed a sixfirhy
 12576 | Orc:2    | Noticed a soul eater
 12588 | Orc:1    | Killed an orc high priest
 12589 | Orc:1    | Reached skill level 10 in Spellcasting
 12712 | Orc:2    | Noticed an orc sorcerer
 13011 | Orc:2    | Noticed a sixfirhy
 13418 | Orc:2    | Killed an orc sorcerer
 13584 | Orc:2    | Reached skill level 5 in Dodging
 13606 | Orc:2    | Reached skill level 5 in Fighting
 13606 | Orc:2    | Reached XP level 11. HP: 76/79 MP: 4/27
 14752 | Orc:2    | Found a staircase to the Elven Halls.
 15004 | Orc:2    | Found Gagacoeh's Magic Scroll Shop.
 15063 | Orc:2    | Bought a scroll of fear for 56 gold pieces
 15063 | Orc:2    | Bought a scroll of fear for 56 gold pieces
 15063 | Orc:2    | Bought a scroll of torment for 133 gold pieces
 15063 | Orc:2    | Bought a scroll of poison for 56 gold pieces
 15063 | Orc:2    | Bought a scroll of identify for 28 gold pieces
 15066 | Orc:2    | Bought a scroll of fear for 56 gold pieces
 15294 | Orc:2    | Found Potir's Weapon Shoppe.
 15467 | Orc:2    | Noticed an ettin
 15470 | Orc:2    | an ettin changed into a glowing orange brain
 15470 | Orc:2    | Noticed a glowing orange brain
 15477 | Orc:2    | Killed a glowing orange brain
 15825 | Orc:2    | Noticed an orc warlord
 16921 | Lair:1   | Noticed Harold
 16931 | Lair:1   | Killed Harold
 17236 | Lair:1   | Identified the +4 spear of Laakhlef {vamp, rElec rF+ Int+6}
 17830 | Lair:1   | Noticed a death yak
 17830 | Lair:1   | Noticed a death yak
 17830 | Lair:1   | Noticed a death yak
 17830 | Lair:1   | Noticed a death yak
 17918 | Lair:2   | Found a staircase to the Swamp.
 17926 | Lair:2   | Noticed an oklob plant
 17937 | Lair:2   | Found a gate leading to a gauntlet.
 17941 | Gauntlet | Entered a Gauntlet
 17941 | Gauntlet | Found a transporter.
 18077 | Gauntlet | Found a transporter.
 18092 | Gauntlet | Found a transporter.
 18097 | Gauntlet | Found a transporter.
 18101 | Gauntlet | Noticed a glowing orange brain
 18107 | Gauntlet | Noticed a cyan ugly thing
 18117 | Gauntlet | Found a transporter.
 18131 | Gauntlet | Found a transporter.
 18141 | Gauntlet | Noticed a white ugly thing
 18143 | Gauntlet | Found a transporter.
 18144 | Gauntlet | Noticed a great orb of eyes
 18152 | Gauntlet | Noticed a catoblepas
 18155 | Gauntlet | Found a transporter.
 18167 | Gauntlet | Found a transporter.
 18173 | Gauntlet | Found a transporter.
 18173 | Gauntlet | Found a transporter.
 18173 | Gauntlet | Noticed a dire elephant
 18188 | Gauntlet | Found a transporter.
 18188 | Gauntlet | Noticed a wizard
 18191 | Gauntlet | Noticed a wizard
 18205 | Gauntlet | Found a transporter.
 18244 | Gauntlet | Found a transporter.
 18271 | Gauntlet | Found a transporter.
 18273 | Gauntlet | Found a transporter.
 18293 | Gauntlet | Found a transporter.
 18309 | Gauntlet | Found a transporter.
 18507 | Gauntlet | Learned a level 4 spell: Sticky Flame
 18521 | Gauntlet | Gained mutation: Spells you cast may paralyse adjacent
                  | enemies. [demonic ancestry]
 18521 | Gauntlet | Reached XP level 12. HP: 92/92 MP: 28/30
 18828 | Gauntlet | Identified the +2 pair of boots "Berel" {+Inv rPois Dex+5
                  | Slay-4}
 18898 | Gauntlet | Noticed a minotaur
 18923 | Gauntlet | Killed a minotaur
 19084 | Gauntlet | Identified the staff of air "Uvaod" {+Blink rElec}
 19319 | Lair:2   | Found a hole to the Spider Nest.
 19662 | Lair:2   | Reached skill level 13 in Necromancy
 19882 | Lair:2   | Identified the +5 ring mail "Anocri Midi" {rC+ Will+++}
 20014 | Lair:2   | Found an opulent altar of Gozag.
 20380 | Lair:2   | Gained mutation: Your movements are significantly less
                  | encumbered by armour. (ER -6) [demonic ancestry]
 20380 | Lair:2   | Reached XP level 13. HP: 98/99 MP: 21/31
 21124 | Lair:3   | Reached skill level 1 in Shields
 21398 | Lair:3   | Noticed Nergalle
 21407 | Lair:3   | Killed Nergalle
 23056 | Lair:5   | Entered Level 5 of the Lair of Beasts
 23056 | Lair:5   | Found a staircase to the Slime Pits.
 23848 | D:11     | Bought a potion of curing for 33 gold pieces
 23848 | D:11     | Bought a potion of curing for 33 gold pieces
 23848 | D:11     | Bought a potion of heal wounds for 55 gold pieces
 23848 | D:11     | Bought a potion of curing for 33 gold pieces
 23848 | D:11     | Bought a potion of might for 44 gold pieces
 23848 | D:11     | Bought a potion of resistance for 110 gold pieces
 24684 | D:10     | Found a broken altar of Ashenzari.
 24686 | D:10     | Found a shimmering blue altar of Sif Muna.
 24686 | D:10     | Found a hazy altar of Hepliaklqana.
 24687 | D:10     | Found a radiant altar of Vehumet.
 25210 | D:10     | Learned a level 2 spell: Sublimation of Blood
 26456 | D:13     | Found Uchaso's CLEARANCE SALE!.
 26735 | D:13     | Bought a scroll of acquirement for 208 gold pieces
 26735 | D:13     | Bought a scroll of teleportation for 12 gold pieces
 26735 | D:13     | Bought a wand of charming (2) for 19 gold pieces
 27511 | D:12     | Reached skill level 10 in Fighting
 27511 | D:12     | Reached skill level 14 in Necromancy
 28487 | Abyss:2  | Cast into level 2 of the Abyss (a wizard)
 28553 | Abyss:2  | Found a corrupted altar of Lugonu.
 28623 | Abyss:2  | Found a corrupted altar of Lugonu.
 28749 | Abyss:2  | Noticed a bone dragon
 28754 | Abyss:2  | Noticed a brown very ugly thing
 28761 | Abyss:2  | Found a corrupted altar of Lugonu.
 28863 | Abyss:2  | Gained mutation: You have a pair of large antennae on your
                  | head. (SInv) [demonic ancestry]
 28863 | Abyss:2  | Reached XP level 14. HP: 7/99 MP: 34/34
 28997 | Abyss:2  | Noticed a bone dragon
 29013 | D:14     | Escaped the Abyss
 29132 | D:14     | Found Hafioqeh's Antique Weapon Boutique.
 29175 | D:14     | Reached skill level 1 in Evocations
 30508 | Orc:2    | Found Etrecuer's Antique Weapon Shoppe.
 30512 | Orc:2    | Found Lumavoag's Antique Armour Emporium.
 30528 | Orc:2    | Bought a pair of runed boots for 247 gold pieces
 30600 | Orc:2    | Found Velosig's Weapon Emporium.
 31104 | D:3      | Found an ornate altar of the Wu Jian Council.
 31264 | D:3      | Killed Grinder
 31415 | D:1      | Bought a scroll of blinking for 75 gold pieces
 31415 | D:1      | Bought a scroll of teleportation for 30 gold pieces
 31415 | D:1      | Bought a scroll of fear for 40 gold pieces
 31415 | D:1      | Bought a scroll of noise for 10 gold pieces
 31415 | D:1      | Acquired 863 gold pieces
 31758 | Lair:1   | Reached skill level 5 in Shields
 33133 | Lair:1   | Reached skill level 10 in Dodging
 33679 | Lair:5   | Found a broken altar of Ashenzari.
 35728 | D:8      | Bought the +3 pair of gauntlets of War {Slay+5} for 1140
                  | gold pieces
 35728 | D:8      | Found the +3 pair of gauntlets of War {Slay+5}
 36456 | D:14     | Found an iron altar of Okawaru.
 36484 | D:14     | HP: 2/113 [white ugly thing (11)]
 38058 | D:14     | Reached skill level 15 in Necromancy
 38124 | D:14     | Found a gate to the Vaults.
 38688 | D:15     | Entered Level 15 of the Dungeon
 38954 | D:15     | Found a staircase to the Depths.
 39613 | Lair:5   | Gained mutation: Spells you cast may paralyse nearby
                  | enemies. [demonic ancestry]
 39613 | Lair:5   | Reached XP level 15. HP: 91/119 MP: 15/35
 40391 | Lair:5   | Reached skill level 5 in Evocations
 40544 | Lair:5   | Learned a level 6 spell: Statue Form
 41101 | Lair:5   | Reached skill level 1 in Transmutations
 41101 | Lair:5   | Reached skill level 1 in Earth Magic
 41110 | Lair:5   | Found a corrupted altar of Lugonu.
 41113 | Lair:5   | Found a one-way gate to the infinite horrors of the Abyss.
 41521 | D:8      | Bought a jewelled leather armour for 168 gold pieces
 41521 | D:8      | Identified the +0 leather armour of the Eleven Stars
                  | {Int+3} (You bought it in a shop on level 8 of the Dungeon)
 41521 | D:8      | Bought a glowing robe for 88 gold pieces
 41521 | D:8      | Bought a glowing robe for 88 gold pieces
 42673 | D:15     | Reached skill level 1 in Armour
 43126 | Spider:1 | Entered Level 1 of the Spider Nest
 43788 | Elf:1    | Entered Level 1 of the Elven Halls
 44193 | Orc:2    | Slain by a +0 heavy broad axe

Illustrated notes

Levels and vault maps discovered:
D:1:      tarquinn_simple_flora_water_d, layout_loops_cross, serial_shops,
          shop_coins, minmay_misc_feat_hallway
D:2:      layout_basic
D:3:      layout_rooms, nicolae_wu_jian_glorious_leap,
          kennysheep_generic_room_5, uniq_grinder
D:4:      layout_cave_pools, minmay_temple_entry_overgrown,
          sigmund_edmund_badplayer
D:5:      layout_basic
D:6:      layout_cave_pools, nicolae_overflow_hidden_temple,
          nicolae_overflow_crystal_walls
D:7:      layout_loops_cross, yredelemnul_forgotten_temple_becter,
          mainiacjoe_overflow_surrounded_room, sigmund_army
D:8:      layout_loops_ring, david_lair_generic, lightli_bailey_entry_fortress
D:9:      layout_roguey, orc_0_dummy
D:10:     layout_loops_ring, dancing_weapons_uskayaw,
          grunt_temple_overflow_open, chequers_decorated_corner
D:11:     layout_roguey
D:12:     layout_gridville, chequers_serial_rivers_micro_b,
          kennysheep_small_square
D:13:     layout_gridville, nicolae_shop_clearance
D:14:     layout_basic, grunt_vaults_entry_fortified, okawaru_ov_weapons_minmay,
          serial_shops, nicolae_shop_stone
D:15:     gammafunk_depths_entry_grave, layout_loops_corners,
          nzn_hepliaklqana_mist_gate
Temple:   jpeg_temple_clearing
Lair:1:   layout_layer_cave, grunt_megastairs_4, lemuel_fruit_fields,
          uniq_harold
Lair:2:   layout_chaotic_city, swamp_mist, spider_nest_entry_web_field,
          gauntlet_entry_generic, lemuel_centaur_altar, lemuel_fruit_tree
Lair:3:   layout_small_grid, uniq_nergalle
Lair:4:   layout_cave_shapes, serial_bayou_lagoon_b
Lair:5:   hellmonk_lair_end_abyssal_woods, layout_cave_shapes, slime_entry_1,
          basic_altar, patterned_corridor
Spider:1: layout_spider_delve, uniq_asterion
Spider:2: layout_spider_delve
Orc:1:    layout_diamond_mine, portal_ice_cave_entry_pillars_1,
          hangedman_feature_mirror
Orc:2:    grunt_orc_community_town_hall, layout_diamond_mine,
          grunt_orc_community_big_house_1, grunt_orc_community_big_house_1,
          grunt_orc_community_house_1, grunt_orc_community_house_1,
          grunt_orc_community_house_1, grunt_orc_community_house_2,
          grunt_orc_community_house_2, grunt_orc_community_house_3,
          serial_shops, shop
Elf:1:    minmay_elf_arrival_summoners, layout_loops_cross,
          portal_desolation_entry_ruin, evilmike_minifort, laboratory

Skill      XL: |  1  2  3  4  5  6  7  8  9 10 11 12 13 14 15 |
---------------+----------------------------------------------+-----
Necromancy     | 5 6 7 8 10 11 12 13 14 15 | 15.2
Spellcasting   | 3 4 5 6 7 9 10 11 12 13 | 13.9
Dodging        | 2 5 7 8 9 10 11 | 11.0
Fighting       | 2 5 8 10 11 | 11.7
Conjurations   | 3 |  3.9
Shields        | 4 5 6 |  6.4
Evocations     | 4 5 |  5.7
Transmutations | 1 |  1.5
Earth Magic    | 1 |  1.5
Armour         | 1 |  1.6
Stealth        | |  1.7

Action                     |  1- 3 |  4- 6 |  7- 9 | 10-12 | 13-15 || total
---------------------------+-------+-------+-------+-------+-------++-------
  Melee: Unarmed           |     4 |       |       |       |       ||     4
         Dagger            |    26 |    12 |    16 |       |       ||    54
         Flail             |       |       |    75 |       |       ||    75
         Scimitar          |       |       |    63 |    82 |       ||   145
         Spear             |       |       |       |    66 |   656 ||   722
         Punch             |       |       |       |     2 |     7 ||     9
   Cast: Necrotise         |    67 |    60 |    88 |   145 |   124 ||   484
         Vampiric Draining |       |     6 |    74 |   202 |   577 ||   859
         Agony             |       |       |       |     4 |    67 ||    71
         Apportation       |       |       |       |     4 |     3 ||     7
         Sticky Flame      |       |       |       |     3 |    72 ||    75
         Wereblood         |       |       |       |       |     6 ||     6
 Invoke: Potion Petition   |       |       |     4 |     3 |     3 ||    10
         Call Merchant     |       |       |       |       |     2 ||     2
  Evoke: Wand              |       |       |     7 |    10 |    46 ||    63
         Lightning rod     |       |       |       |       |    16 ||    16
         Condenser vane    |       |       |       |       |     5 ||     5
         Piece from Xom's  |       |       |       |       |     2 ||     2
         Phantom mirror    |       |       |       |       |     2 ||     2
    Use: Potion            |     4 |     1 |     9 |     6 |     7 ||    27
         Scroll            |       |       |    13 |    11 |    19 ||    43
   Stab: Sleeping          |       |       |     1 |     1 |    22 ||    24
         Paralysed         |       |       |       |    22 |   115 ||   137
         Distracted        |       |       |       |       |     3 ||     3
 Armour: Robe              |    10 |     8 |    34 |    70 |   236 ||   358
         Skin              |       |       |     4 |       |     6 ||    10
         Ring mail         |       |       |       |       |    80 ||    80
  Dodge: Dodged            |    47 |    16 |   166 |   339 |   983 ||  1551
  Block: Buckler           |       |       |       |       |    45 ||    45

Table legend: (Time is in decaauts)
 A = Elapsed time spent in this place.
 B = Non-inter-level travel time spent in this place.
 C = Inter-level travel time spent in this place.
 D = Time resting spent in this place.
 E = Time spent auto-exploring this place.
 F = Levels seen in this place.
 G = Mean time per level.
                   A        B        C        D        E       F      G
               +--------+--------+--------+--------+--------+-----+--------+
         Total |  44584 |  39641 |   4943 |   9113 |  23929 |  30 | 1486.1 |
       Dungeon |  23739 |  20522 |   3217 |   3903 |  13572 |  15 | 1582.6 |
        Temple |     99 |     61 |     38 |      0 |     51 |   1 |   99.0 |
          Lair |  11813 |  10498 |   1315 |   1811 |   6964 |   5 | 2362.6 |
   Spider Nest |    393 |    377 |     16 |    129 |    123 |   2 |  196.5 |
  Orcish Mines |   6515 |   6160 |    355 |   2528 |   2734 |   2 | 3257.5 |
   Elven Halls |    195 |    195 |      0 |      0 |    134 |   1 |  195.0 |
         Abyss |    636 |    636 |      0 |    143 |     82 |   2 |  318.0 |
      Ice Cave |      6 |      6 |      0 |      0 |      0 |   1 |    6.0 |
      Gauntlet |   1184 |   1184 |      0 |    599 |    268 |   1 | 1184.0 |
               +--------+--------+--------+--------+--------+-----+--------+

Top non-repeatable levels by time:
   Orc:2: 3599 daAuts
  Lair:5: 3551 daAuts
  Lair:1: 3095 daAuts
    D:14: 2925 daAuts
   Orc:1: 2916 daAuts
     D:8: 2751 daAuts
  Lair:2: 2063 daAuts
     D:9: 1931 daAuts
    D:12: 1786 daAuts
    D:13: 1644 daAuts
  Lair:3: 1566 daAuts
    D:15: 1554 daAuts
  Lair:4: 1536 daAuts
     D:4: 1534 daAuts
     D:5: 1533 daAuts
